cohdb
Replays
Latest Replays
All Replays
Popular Replays
Top Player Replays
Match Explorer
How It Works
Community
CoH3 Stats
Reddit
Sign in to upload your games and track your stats! →
Sign in with Steam
Match 39873705
Unlisted
Match 39873705
Overview
Messages
Build Orders
End
Kradschützen Motorcycle Team
Selects Italian Combined Arms Battlegroup
Selects Italian Combined Arms Battlegroup
Selects Italian Combined Arms Battlegroup
Selects Bersaglieri Squad
Bersaglieri Squad
Bersaglieri Squad
Bersaglieri Squad
Construct Light Support Kompanie
Construct Mechanized Kompanie
8 Rad Armored Car
2.5-tonne Medical Truck
Support Armor Elements
Pak 38 Mechanized Group
Selects Bersaglieri Bolster
Selects Breda Model 30 Light Machine Guns
Vehicle Survival Package
StuG III D Assault Gun
Marder III Tank Destroyer
MG34 Team
Emergency Repair Kits
Combat Half-tracks
Flakvierling Half-track
Marder III Tank Destroyer
sharpshooter
Yeoul
Waaagh!
HIMYNAMEISHO
0
0
Comments
sign in to comment!
No comments posted yet!